 Dungeon Crawl Stone Soup version 0.31-a0-986-g5e6e4ef867 (webtiles) character file.

Game seed: 5005039448897752419

126 FakeRyeBread the Trooper (level 5, 0/33 HPs)
             Began as a Gargoyle Fighter on Nov 6, 2023.
             Killed by divine providence
             ... invoked by an orc priest
              (16 damage)
             ... on level 3 of the Dungeon.
             The game lasted 00:04:33 (1787 turns).

FakeRyeBread the Trooper (Gargoyle Fighter)         Turns: 1787, Time: 00:04:34

Health: 0/33       AC: 12    Str: 22    XL:     5   Next: 10%
Magic:  5/5        EV:  9    Int:  8    God:
Gold:   103        SH:  4    Dex:  9    Spells: 4/4 levels left

rFire   . . .        a - +0 flail (heavy)
rCold   . . .        c - +0 buckler
rNeg    + . .        b - +0 scale mail
rPois   ∞            (no helmet)
rElec   +            (no cloak)
rCorr   .            g - +0 pair of gloves
SInv    .            (no boots)
Will    .....        (no amulet) Stlth
                     (no ring)
HPRegen 0.25/turn    (no ring)
MPRegen 0.09/turn

%: no passive effects
@: no status effects
A: sickness immunity, AC +4, negative energy resistance 1, electricity
resistance, torment resistance 1, petrification resistance
a: no special abilities


You were on level 3 of the Dungeon.
You visited 1 branch of the dungeon, and saw 3 of its levels.

You collected 123 gold pieces.
You spent 20 gold pieces at shops.

Inventory:

Hand Weapons
 a - a +0 heavy flail (weapon)
Missiles
 h - 2 javelins (quivered)
Armour
 b - a +0 scale mail (worn)
 c - a +0 buckler (worn)
 g - a +0 pair of gloves (worn)
Scrolls
 f - a scroll of identify
 i - a scroll of silence {unknown}
 j - a scroll of revelation
Potions
 d - a potion of might
 e - 2 potions of attraction


   Skills:
 + Level 4.0 Fighting
 * Level 3.5 Maces & Flails
 + Level 4.0 Armour
 + Level 4.0 Shields


You had 4 spell levels left.
You didn't know any spells.
Your spell library contained the following spells:

 Spells                   Type           Power      Damage    Failure   Level
 Wereblood                Tmut           0%         N/A       90%         2
 Dazzling Flash           Conj/Hex       0%         N/A       99%         3
 Tukima's Dance           Hex            0%         N/A       99%         3
 Dimensional Bullseye     Hex/Tloc       0%         N/A       100%        4
 Iskenderun's Mystic Bla  Conj/Tloc      0%         2d3       100%        4
 Passage of Golubria      Tloc           0%         N/A       100%        4
 Agony                    Necr           0%         N/A       100%        5
 Irradiate                Conj/Tmut      0%         3d11      100%        5
 Silence                  Hex/Air        0%         N/A       100%        5
 Yara's Violent Unravell  Hex/Tmut       0%         3d3       100%        5


Dungeon Overview and Level Annotations

Branches:
Dungeon (3/15)

Altars:

Shops:
D:1 ?   D:2 (


Innate Abilities, Weirdness & Mutations

You are immune to sickness and miasma.
Your stone body is resilient. (AC +4)
You are immune to poison.
You resist negative energy. (rN+)
You are resistant to electric shocks. (rElec)
You are resistant to unholy torment.
You are immune to petrification.


Message History

You bludgeon the orc!!
You kill the orc!
Items here: )) [ ††.
You start resting.
HP restored.
There is a stone staircase leading down here.
You climb downwards.
The orc closely misses you. The orc hits you but does no damage.
There is a stone staircase leading up here.
The orc priest shouts!
The orc closely misses you. The orc hits you but does no damage.
You climb upwards.
There is a stone staircase leading down here.
You sock the orc!
You kill the orc!
The orc hits you with a +0 hand axe. The orc hits you but does no damage.
Your Armour skill increases to level 4!
Things that are here:
a +0 hand axe; an orc corpse You sock the orc!
You kill the orc!
Things that are here:
a +0 hand axe; an orc corpse You see here a +0 club.
There is a stone staircase leading down here.
You climb downwards.
The orc shouts!
The orc completely misses you.
The orc priest mumbles some strange prayers to Beogh against you.
Beogh smites you!
Ouch! That really hurt!
There is a stone staircase leading up here.
You thump the orc!
You kill the orc!
The orc priest casts a cantrip, but nothing happens.
An orc priest comes into view. It is wielding a +0 club.
The orc priest shouts!
The orc priest mumbles some strange prayers to Beogh against you.
Beogh smites you!
You die...

## ### #. ##+## #.. #.
##...## #.# #. ##.....##
#.# #. ##.......## ##.##
#.
#.......).####o..#######.
+...[...@.'.oo.(.........
#.........####...########
##.......## ##.##
##.....## #.# ##...## #.#
.....## #.# ####. ..# #.
.##


You could see 2 orc priests and an orc.

Vanquished Creatures
  An orc priest (D:2)
  An orc wizard (D:2)
  An adder (D:2)
  A worm (D:2)
  A dart slug (D:1)
  5 orcs
  5 ball pythons
  6 bats
  5 endoplasms
  A giant cockroach (D:1)
  5 goblins
  6 hobgoblins
  4 jackals (D:1)
  3 kobolds
  2 frilled lizards
  3 rats
50 creatures vanquished.

Notes
Turn   | Place    | Note
-------+----------+-------------------------------------------
     0 | D:1      | FakeRyeBread the Gargoyle Fighter began the quest for the
                  | Orb.
     0 | D:1      | Reached XP level 1. HP: 14/14 MP: 1/1
   204 | D:1      | Reached XP level 2. HP: 19/19 MP: 2/2
   311 | D:1      | Found a transporter.
   311 | D:1      | Found Voik's Magic Scroll Shoppe.
   313 | D:1      | Found a transporter.
   318 | D:1      | Bought a scroll of identify for 20 gold pieces
   593 | D:1      | Reached XP level 3. HP: 20/23 MP: 3/3
   764 | D:2      | Found Opurchopp's Antique Weapon Emporium.
  1250 | D:2      | Reached XP level 4. HP: 29/29 MP: 4/4
  1596 | D:2      | Reached XP level 5. HP: 11/33 MP: 5/5
  1787 | D:3      | Killed from afar by an orc priest

Illustrated notes

Levels and vault maps discovered:
D:1:      nzn_arrival_depleted_hourglass, layout_basic, serial_shops,
          nicolae_shop_drivethru
D:2:      layout_loops_ring, serial_shops, shop
D:3:      layout_loops_corners, uniq_crazy_yiuf_cottage

Skill      XL: |  1  2  3  4  5 |
---------------+----------------+-----
Maces & Flails | 3 |  3.5
Fighting       | 4 |  4.0
Shields        | 4 |  4.0
Armour         | 4 |  4.0

Action                     |  1- 3 |  4- 6 || total
---------------------------+-------+-------++-------
  Melee: Flail             |   125 |    33 ||   158
  Throw: Javelin           |       |     1 ||     1
    Use: Scroll            |       |     4 ||     4
 Armour: Scale mail        |   110 |    50 ||   160
  Dodge: Dodged            |    54 |    20 ||    74
  Block: Buckler           |    33 |     7 ||    40

Table legend: (Time is in decaauts)
 A = Elapsed time spent in this place.
 B = Non-inter-level travel time spent in this place.
 C = Inter-level travel time spent in this place.
 D = Time resting spent in this place.
 E = Time spent auto-exploring this place.
 F = Levels seen in this place.
 G = Mean time per level.
                   A        B        C        D        E       F      G
               +--------+--------+--------+--------+--------+-----+--------+
         Total |   1849 |   1619 |    230 |    122 |    951 |   3 |  616.3 |
       Dungeon |   1849 |   1619 |    230 |    122 |    951 |   3 |  616.3 |
               +--------+--------+--------+--------+--------+-----+--------+

Top non-repeatable levels by time:
     D:2: 940 daAuts
     D:1: 781 daAuts
     D:3: 128 daAuts
